Map: Cerulean Fall LE

Players

Chelch - Winner!

  • Race: Protoss Protoss
  • League: Master
  • Spawn Location: 7:00

AsTeR

  • Race: Zerg Zerg
  • League: Master
  • Spawn Location: 1:00

VOD

Have the link to the VOD?

Description

Time

  • Played on: Dec. 31, 2018, 2:16 p.m.
  • Length: 26:19
Show
View Real Time Build Order
Export as new Build Order

Chelch Protoss - Winner!

Build Orders: 1 Gate Expand, Oracle Opening, Phoenix Opening, Archon Immortal, Carriers, Archon Drop 

Get SALT Encoding   

  12  0:00  Probe  
  13  0:13  Probe  
  14  0:18  Pylon  
  14  0:25  Probe  
  15  0:33  Probe  
  15  0:40  Gateway  
  15  0:41  Probe  
  16  0:48  Assimilator  
  17  0:51  Probe  
  18  1:03  Probe  
  19  1:15  Probe  
  20  1:29  Nexus  
  20  1:35  Probe  
  20  1:36  Cybernetics Core  
  21  1:43  Probe  
  21  1:46  Assimilator  
  21  1:54  Pylon  
  22  1:56  Probe  
  23  2:03  Adept  
  25  2:16  Stargate  
  25  2:18  Probe  
  26  2:26  Warp Gate  
  26  2:30  Probe, Adept  
  29  2:38  Probe  
  29  2:42  Probe  
  31  2:46  Probe  
  32  2:54  Probe  
  33  2:59  Probe  
  33  3:02  Phoenix  
  36  3:06  Gateway  
  36  3:08  Probe  
  36  3:12  Probe  
  38  3:20  Probe  
  38  3:21  Pylon  
  38  3:24  Probe  
  40  3:30  Oracle  
  43  3:34  Assimilator x2  
  43  3:35  Probe  
  43  3:38  Probe  
  45  3:47  Probe, Robotics Facility  
  46  3:53  Pylon  
  46  3:55  Probe  
  47  4:02  Twilight Council  
  47  4:05  Probe  
  47  4:07  Probe  
  49  4:10  Pylon  
  49  4:17  Probe  
  49  4:19  Probe  
  51  4:27  Warp Prism  
  51  4:29  Probe  
  51  4:30  Gateway  
  52  4:31  Probe  
  52  4:32  Gateway  
  55  4:41  Adept  
  55  4:45  Zealot  
  59  4:53  Templar Archives, Charge  
  59  5:08  Nexus  
  59  5:12  Pylon  
  59  5:15  Pylon  
  59  5:25  Forge  
  60  5:28  Observer  
  60  5:30  High Templar  
  60  5:31  High Templar x3  
  60  5:34  Archon  
  60  5:35  Archon  
  68  5:39  Gateway  
  68  5:41  Probe  
  68  5:42  Immortal, Gateway  
  69  5:46  Probe  
  69  5:48  Protoss Ground Weapons Level 1  
  70  5:54  Probe  
  75  5:58  Probe  
  76  6:13  Zealot x3  
  76  6:14  Immortal  
  76  6:15  Probe  
  83  6:22  Probe x2  
  83  6:27  Probe  
  84  6:34  Probe, Robotics Facility  
  85  6:40  Probe  
  85  6:43  Immortal  
  85  6:45  High Templar x2  
  90  6:53  Pylon  
  94  7:00  Probe x2  
  96  7:05  Probe, Assimilator x2  
  97  7:12  Probe  
  97  7:13  Psionic Storm  
  97  7:15  Probe  
  99  7:17  Pylon  
  99  7:18  Probe  
  100  7:23  Immortal  
  100  7:24  Probe  
  100  7:25  Immortal  
  109  7:34  Pylon  
  109  7:35  Probe  
  109  7:36  Probe x2  
  111  7:48  Probe, Protoss Ground Weapons Level 2, Pylon  
  111  7:50  High Templar, Pylon  
  114  8:02  Immortal  
  118  8:06  Probe x2  
  118  8:09  Immortal, Pylon  
  118  8:10  Pylon  
  118  8:11  High Templar  
  126  8:22  Photon Cannon  
  126  8:23  Photon Cannon  
  126  8:24  Pylon  
  126  8:30  Nexus  
  126  8:35  High Templar  
  126  8:36  High Templar x2  
  126  8:38  Pylon  
  126  8:40  Pylon  
  131  8:42  Pylon  
  131  8:46  Photon Cannon  
  131  8:47  Photon Cannon  
  131  8:56  Zealot x2  
  139  9:03  Immortal x2  
  139  9:09  Probe x2  
  145  9:10  Fleet Beacon  
  145  9:12  Probe  
  146  9:18  High Templar x2  
  146  9:21  Probe  
  151  9:26  Probe  
  151  9:30  Assimilator, Zealot x3  
  151  9:31  Zealot  
  160  9:35  Assimilator  
  160  9:38  Probe x3  
  156  9:51  High Templar x3  
  156  10:10  Archon, Zealot x3  
  156  10:11  Immortal  
  156  10:12  Immortal  
  168  10:15  Stargate  
  168  10:21  Tempest  
  173  10:37  Zealot x6  
  185  10:54  Observer x2  
  169  11:04  Tempest  
  169  11:07  High Templar x2  
  169  11:08  Zealot x4  
  169  11:09  Archon  
  175  11:13  Tempest  
  154  11:40  Tempest  
  154  11:43  Protoss Air Weapons Level 1  
  154  11:53  Zealot x3  
  154  11:54  Zealot x3, Protoss Ground Weapons Level 3  
  171  12:18  Zealot x5  
  171  12:19  Zealot  
  183  12:24  Tempest  
  183  12:25  Tempest  
  181  12:50  Stargate  
  171  12:53  Stargate  
  171  12:54  Carrier  
  163  12:58  Carrier  
  163  13:00  Nexus  
  163  13:02  Pylon  
  163  13:04  Assimilator  
  165  13:05  Observer  
  165  13:06  Observer  
  165  13:09  Assimilator  
  177  13:15  Stargate  
  177  13:21  Photon Cannon  
  177  13:23  Photon Cannon x2  
  177  13:24  Probe x3, Photon Cannon  
  177  13:25  Void Ray  
  180  13:29  Photon Cannon  
  180  13:30  Photon Cannon  
  180  13:31  Photon Cannon  
  180  13:33  Photon Cannon  
  180  13:34  Protoss Air Weapons Level 2, Photon Cannon  
  180  13:37  Photon Cannon  
  180  13:38  Void Ray  
  188  13:52  Carrier  
  200  14:02  Carrier  
  200  14:17  Protoss Shields Level 1  
  192  14:32  Pylon  
  192  14:33  High Templar x4  
  192  14:37  Pylon  
  196  14:52  High Templar  
  197  14:53  High Templar  
  199  15:01  Void Ray x2  
  199  15:04  Gateway  
  199  15:06  Gateway  
  195  15:09  Gateway  
  200  15:15  Pylon  
  200  15:20  Stargate  
  200  15:21  Stargate  
  200  15:44  Stargate  
  200  15:52  Protoss Air Weapons Level 3  
  200  15:53  Photon Cannon, Stargate  
  200  15:54  Photon Cannon  
  200  15:56  Photon Cannon  
  192  15:58  Photon Cannon x2  
  192  15:59  Oracle  
  192  16:00  Void Ray  
  197  16:17  High Templar  
  189  16:51  Oracle x2  
  191  16:59  Carrier  
  191  17:00  Pylon  
  197  17:01  Nexus  
  197  17:05  Assimilator  
  197  17:09  Assimilator  
  178  17:32  Carrier  
  178  17:37  Carrier x2  
  169  17:39  Carrier x2  
  169  17:40  Zealot x7  
  169  17:41  Zealot x2  
  135  17:52  Void Ray x2  
  141  18:03  Carrier  
  141  18:04  High Templar x2  
  151  18:13  Zealot x4  
  159  18:30  Tempest x2  
  159  18:32  High Templar  
  161  18:41  Carrier  
  177  18:54  Nexus, Stalker  
  177  18:55  Stalker  
  181  18:57  High Templar x2  
  185  19:11  Tempest  
  190  19:17  High Templar  
  190  19:18  High Templar  
  190  19:20  Protoss Air Armor Level 1  
  185  19:58  Void Ray x3  
  200  20:28  Oracle  
  197  21:00  Oracle  
  179  21:35  Void Ray x2  
  188  21:46  Probe x3  
  191  21:51  Zealot x4  
  193  22:09  Zealot x3  
  190  22:24  Zealot x4  
  196  22:40  Oracle x2  
  196  23:01  Zealot x2  
  189  23:37  Carrier  
  189  23:40  Zealot x2  
  162  24:10  Void Ray x2  
  162  24:12  Zealot x3  
  176  24:33  Void Ray  
  178  24:47  High Templar x2  
  174  24:53  Void Ray x2  
  176  25:14  Carrier  
  172  25:34  Cybernetics Core  
  166  25:53  Observer  
  172  26:18  Nexus  
Show
View Real Time Build Order
Export as new Build Order

AsTeR Zerg 

Build Orders: Hatch First, Brood Lord Corruptor 

Get SALT Encoding   

  12  0:00  Drone  
  13  0:12  Overlord  
  13  0:17  Drone  
  14  0:30  Drone x2  
  16  0:50  Hatchery  
  16  0:53  Drone  
  16  0:56  Drone  
  17  1:00  Drone  
  18  1:11  Extractor  
  18  1:15  Spawning Pool  
  16  1:18  Drone  
  16  1:22  Drone  
  18  1:28  Drone  
  19  1:38  Overlord  
  19  1:49  Drone  
  20  2:00  Drone  
  21  2:02  Queen  
  21  2:03  Queen  
  21  2:04  Drone  
  26  2:11  Drone  
  26  2:14  Metabolic Boost  
  27  2:19  Zergling x2  
  27  2:21  Zergling x2  
  29  2:26  Drone  
  30  2:33  Drone  
  30  2:36  Drone  
  32  2:46  Hatchery, Drone  
  32  2:51  Drone  
  33  2:55  Pneumatized Carapace  
  33  3:01  Overlord  
  33  3:06  Drone x2  
  33  3:10  Drone  
  36  3:14  Overlord  
  36  3:20  Spore Crawler  
  36  3:22  Drone, Spore Crawler  
  36  3:23  Drone  
  36  3:24  Drone  
  37  3:27  Drone x2  
  37  3:30  Drone  
  37  3:32  Drone  
  41  3:37  Drone x2  
  43  3:47  Drone  
  44  3:51  Overlord x2  
  44  3:54  Lair  
  44  3:59  Queen  
  44  4:00  Spore Crawler  
  45  4:03  Drone x2  
  45  4:05  Drone  
  45  4:07  Drone x2  
  50  4:15  Drone x3  
  50  4:16  Drone x2  
  55  4:19  Overlord  
  55  4:21  Drone  
  55  4:23  Drone x2  
  58  4:26  Drone  
  59  4:31  Extractor  
  59  4:33  Drone x2  
  59  4:34  Roach Warren  
  59  4:36  Extractor  
  59  4:38  Drone x3  
  60  4:51  Overlord x2  
  60  4:52  Drone x3  
  63  5:01  Overlord  
  63  5:04  Drone  
  63  5:06  Hydralisk Den  
  63  5:08  Overlord  
  63  5:13  Drone x5  
  68  5:15  Glial Reconstitution  
  68  5:16  Roach x2  
  68  5:17  Extractor, Roach  
  73  5:23  Overlord  
  73  5:24  Roach  
  75  5:29  Roach x5  
  75  5:34  Roach x2  
  75  5:35  Roach  
  91  5:36  Hatchery  
  91  5:40  Drone  
  91  5:41  Overlord  
  91  5:43  Roach x2  
  91  5:44  Roach  
  97  5:54  Overseer  
  97  5:55  Roach x3  
  97  5:56  Roach  
  102  6:13  Roach x4  
  102  6:14  Roach x2  
  114  6:23  Roach  
  114  6:24  Overlord  
  114  6:25  Overlord x2  
  114  6:28  Muscular Augments  
  114  6:34  Overlord x2  
  114  6:44  Drone  
  114  6:45  Extractor x2, Drone x4  
  117  6:58  Roach  
  117  6:59  Drone  
  117  7:00  Drone x11  
  117  7:01  Queen  
  131  7:05  Overseer  
  133  7:10  Queen  
  133  7:14  Drone x2  
  133  7:15  Infestation Pit  
  136  7:19  Drone x2  
  136  7:20  Evolution Chamber x2  
  136  7:31  Overlord  
  136  7:32  Overlord x2  
  136  7:34  Zergling x2  
  137  7:38  Spire, Zergling x2  
  137  7:39  Zergling x14  
  144  7:48  Overlord x2  
  144  7:51  Zerg Ground Armor Level 1, Zerg Melee Weapons Level 1  
  144  7:53  Hive  
  142  8:01  Drone  
  140  8:06  Overlord  
  140  8:07  Hydralisk x3, Overlord  
  140  8:08  Hydralisk x4  
  140  8:11  Drone  
  140  8:12  Extractor x2, Drone x8  
  161  8:21  Hatchery  
  161  8:22  Overlord x2  
  159  8:55  Corruptor  
  158  8:56  Corruptor x3  
  158  9:00  Corruptor  
  158  9:01  Corruptor x4  
  158  9:02  Infestor  
  172  9:03  Infestor  
  172  9:04  Zergling x2  
  172  9:05  Zergling x26  
  190  9:15  Greater Spire  
  190  9:20  Spine Crawler x2  
  190  9:21  Drone x3, Spine Crawler x3  
  190  9:22  Drone  
  190  9:23  Zergling x2  
  188  9:41  Infestor x3  
  188  9:43  Zergling x16  
  188  9:45  Overlord x3  
  164  10:30  Brood Lord  
  164  10:31  Brood Lord x8  
  164  10:33  Zergling x34  
  184  10:53  Hatchery  
  184  10:54  Hatchery  
  145  11:08  Zerg Melee Weapons Level 2, Zerg Ground Armor Level 2  
  103  11:25  Infestor  
  103  11:26  Infestor x3  
  103  11:32  Corruptor  
  111  11:35  Drone x2  
  111  11:36  Drone  
  111  11:37  Drone x8  
  122  11:46  Corruptor  
  122  11:47  Corruptor  
  122  11:49  Zergling x4  
  128  11:57  Extractor  
  128  11:58  Zerg Flyer Weapons Level 1  
  129  12:04  Corruptor x2  
  129  12:06  Drone x4  
  129  12:07  Drone x2  
  143  12:22  Zergling x16  
  151  12:28  Burrow  
  145  12:40  Zergling x2  
  145  12:41  Zergling x14  
  152  12:50  Hatchery  
  145  12:52  Zergling x2  
  145  12:53  Zergling x8  
  145  12:58  Hatchery  
  148  13:01  Drone  
  149  13:12  Hatchery  
  149  13:19  Infestor x3  
  154  13:23  Drone  
  154  13:24  Drone x2  
  157  13:31  Hatchery  
  157  13:33  Drone x2  
  158  13:41  Drone x2  
  160  13:51  Grooved Spines, Hydralisk x3  
  166  13:56  Infestor  
  168  14:03  Neural Parasite  
  168  14:13  Infestor x4  
  168  14:14  Infestor x3  
  168  14:23  Zerg Ground Armor Level 3, Zerg Melee Weapons Level 3  
  165  14:32  Corruptor x2  
  169  14:40  Extractor  
  164  14:46  Hydralisk  
  164  14:47  Hydralisk x4  
  171  14:53  Drone  
  171  14:54  Drone x5  
  175  15:13  Spine Crawler, Overseer  
  175  15:14  Spine Crawler x3  
  173  15:16  Zergling x2  
  173  15:17  Spine Crawler, Zergling x8  
  170  15:34  Corruptor  
  170  15:35  Corruptor x3  
  170  15:38  Corruptor  
  172  15:46  Zergling x8  
  172  15:47  Zergling x8  
  180  15:53  Hydralisk x3  
  181  15:58  Zerg Flyer Weapons Level 2  
  181  16:05  Spore Crawler  
  181  16:06  Drone x3, Spore Crawler  
  182  16:18  Corruptor x3  
  188  16:33  Extractor  
  188  16:37  Extractor  
  182  16:40  Corruptor x6  
  194  16:47  Spine Crawler x2  
  194  16:52  Queen  
  194  16:57  Spine Crawler  
  194  16:58  Spine Crawler x2  
  191  17:02  Infestor x4  
  145  17:30  Corruptor  
  145  17:31  Corruptor x9  
  147  17:43  Corruptor  
  133  17:44  Corruptor x2  
  133  17:46  Zergling x6  
  133  17:47  Zergling x2  
  133  17:48  Zergling x2  
  140  17:57  Drone x3  
  140  17:58  Drone x4  
  146  17:59  Drone  
  148  18:21  Corruptor  
  150  18:27  Hatchery  
  150  18:28  Corruptor x2  
  153  18:38  Hatchery  
  152  18:41  Corruptor x2  
  152  18:42  Corruptor x2  
  152  18:45  Infestor  
  162  18:48  Infestor  
  164  19:09  Zergling x2  
  165  19:10  Zergling x36  
  183  19:19  Infestor  
  185  19:25  Infestor x4  
  193  19:40  Zerg Missile Weapons Level 1  
  193  19:45  Extractor  
  192  19:48  Extractor  
  185  19:55  Spine Crawler x2  
  185  19:57  Spine Crawler x2  
  185  19:58  Spine Crawler  
  185  19:59  Infestor x5  
  186  20:00  Spine Crawler  
  186  20:01  Corruptor x3  
  195  20:12  Pathogen Glands  
  195  20:28  Corruptor  
  195  20:29  Corruptor  
  197  20:58  Overlord  
  190  21:32  Viper  
  190  21:33  Viper x2  
  191  22:35  Hatchery  
  190  22:40  Hatchery  
  188  22:51  Infestor x6  
  168  23:33  Infestor x11  
  168  23:34  Infestor x3  
  182  23:40  Hatchery  
  185  23:50  Spore Crawler x2  
  173  23:55  Spore Crawler  
  173  23:56  Spore Crawler  
  155  24:09  Hydralisk x10  
  126  24:10  Hydralisk x7  
  146  24:21  Hydralisk x2  
  146  24:22  Hydralisk x14  
  159  24:45  Overlord x7  
  115  24:58  Zergling x2  
  115  24:59  Zergling x24  
  85  25:34  Extractor  
  84  25:36  Extractor  
  84  25:37  Viper x3  
Tags
 
Add a new tag
Caveats
  • Supply blocks, unpowered buildings, or Contaminate may cause inaccurate times.
  • Supply counts are checked every 10 seconds.